 Dungeon Crawl Stone Soup version 0.23.2-1-ga50397a (webtiles) character file.

Game seed: 15415724557830139590

77 Daunt2 the Sneak (level 4, -1/32 HPs)
             Began as a Formicid Enchanter on May 24, 2019.
             Slain by Crazy Yiuf
             ... wielding a +2 quarterstaff of chaos
              (9 damage)
             ... on level 2 of the Dungeon.
             The game lasted 00:11:05 (2511 turns).

Daunt2 the Sneak (Formicid Enchanter)               Turns: 2511, Time: 00:11:06

Health: -1/32      AC:  3    Str: 12    XL:     4   Next: 60%
Magic:  0/7        EV: 12    Int: 15    God:
Gold:   56         SH:  0    Dex: 12    Spells: 4/7 levels left

rFire    . . .     SeeInvis +   a - +1 dagger
rCold    . . .     Gourm    .   (no shield)
rNeg     . . .     Faith    .   b - +0 robe
rPois    .         Spirit   .   (helmet unavailable)
rElec    .         Reflect  .   (no cloak)
rCorr    .         Harm     .   q - +0 pair of gloves
MR       .....                  (no boots)
Stlth    ++........             (no amulet)
HPRegen  0.10/turn              (no ring)
MPRegen  0.10/turn              (no ring)

@: very slightly contaminated, lightly drained
A: permanent stasis, dig shafts and tunnels, four strong arms, antennae 3
a: Dig, Shaft Self


You were on level 2 of the Dungeon.
You were not hungry.

You visited 1 branch of the dungeon, and saw 2 of its levels.

You collected 56 gold pieces.

Inventory:

Hand Weapons
 a - a +1 dagger (weapon)
Missiles
 c - 5 needles of sleeping
 h - 52 stones
 j - 15 sling bullets
 k - 20 poisoned needles
 o - 8 javelins of returning (quivered)
Armour
 b - a +0 robe (worn)
 i - a +0 shield
 q - a +0 pair of gloves (worn)
Jewellery
 p - an uncursed ring of ice
Scrolls
 e - a scroll of identify
 g - a scroll of teleportation {unknown}
 m - a scroll of enchant armour
 r - a scroll of fog
Potions
 f - 2 potions of lignification
 n - a potion of agility {unknown}
Comestibles
 d - 2 rations


   Skills:
 + Level 1.0(0.8) Fighting
 * Level 3.5(3.2) Short Blades
 - Level 1.7(1.4) Dodging
 + Level 3.8(3.5) Stealth
 - Level 2.1(1.9) Spellcasting
 + Level 3.7(3.4) Hexes
 + Level 0.4(0.1) Ice Magic


You had 4 spell levels left.
You knew the following spells:

 Your Spells              Type           Power        Failure   Level  Hunger
a - Corona                Hex            ##.....      5%          1    ##.....
b - Ensorcelled Hibernat  Hex/Ice        #.....       16%         2    ###....

Your spell library contained the following spells:

 Spells                   Type           Power        Failure   Level  Hunger
 Confuse                  Hex            ##......     16%         3    ####...
 Tukima's Dance           Hex            ##......     16%         3    ####...
 Dazzling Spray           Conj/Hex       #.....       32%         3    ####...


Dungeon Overview and Level Annotations

Branches:
Dungeon (2/15)

Altars:

Annotations:
D:2 Crazy Yiuf


Innate Abilities, Weirdness & Mutations

You cannot be hasted, slowed, berserked, paralysed or teleported.
You can dig through walls and to a lower floor.
Your four strong arms can wield two-handed weapons with a shield.
You have a pair of large antennae on your head. (SInv)


Message History

You feel your power leaking away.
Casting: Ensorcelled Hibernation (safe; 16% risk of failure)
Confirm with . or Enter, or press ? or * to list all spells.
Aiming: Ensorcelled Hibernation (safe; 16% risk of failure)
Press: ? - help, Shift-Dir - straight line, f/p - Crazy Yiuf
Aim: Crazy Yiuf, wielding a +2 quarterstaff of chaos and wearing a +1 cloak of poison resistance (chance to defeat MR: 47%) Crazy Yiuf looks drowsy...
The helpless Crazy Yiuf fails to defend himself.
You puncture Crazy Yiuf!
Crazy Yiuf is severely wounded.
Crazy Yiuf misses you.
You hit Crazy Yiuf.
Crazy Yiuf is almost dead.
Crazy Yiuf hits you with a +2 quarterstaff of chaos!
* * * LOW HITPOINT WARNING * * *
You feel a strange sense of stasis.
You hit Crazy Yiuf but do no damage.
Crazy Yiuf is almost dead.
Crazy Yiuf hits you with a +2 quarterstaff of chaos!
You die...

#..## ##.......## ##...#
###...####.........####....#
...................'.......#
###......################..#
#..##### ##.# #.....#
♣♣♣♣♣###.## ##=##.##
###**♣♣♣.♣.......# #.....#
#...#♣..♣.P♣..)..# ####..#
#...g@♣♣♣♣PP.....# #..#
#)..#♣♣ ♣♣P....## ##..#
###** ♣♣###.# ##...# ##.#
#....# #..# ##...# ######
####### ##..###.#..# #.#
##........######.#
#######.........#


You could see Crazy Yiuf.

Vanquished Creatures
  Jessica (D:2)
  An ooze (D:1)
  A dart slug (D:2)
  A giant cockroach (D:2)
  2 goblins (D:1)
  4 hobgoblins (D:1)
  6 jackals
  2 quokkas (D:2)
  A ball python (D:1)
  7 bats
  4 frilled lizards
  7 kobolds
  7 rats
  A fungus (D:2)
45 creatures vanquished.

Notes
Turn   | Place    | Note
-------+----------+-------------------------------------------
     0 | D:1      | Daunt2 the Formicid Enchanter began the quest for the Orb.
     0 | D:1      | Reached XP level 1. HP: 13/13 MP: 3/3
   419 | D:1      | Reached XP level 2. HP: 18/19 MP: 5/5
  1103 | D:1      | Learned a level 2 spell: Ensorcelled Hibernation
  1153 | D:1      | Reached XP level 3. HP: 24/24 MP: 6/6
  2059 | D:2      | Reached XP level 4. HP: 31/31 MP: 7/7
  2148 | D:2      | Noticed Jessica
  2150 | D:2      | Killed Jessica
  2150 | D:2      | Reached skill level 1 in Fighting
  2501 | D:2      | Found a runed translucent door.
  2502 | D:2      | Noticed Crazy Yiuf
  2511 | D:2      | Slain by Crazy Yiuf

Skill      XL: |  1  2  3  4 |
---------------+-------------+-----
Short Blades   | 2 3 |  3.5
Fighting       | 1 |  1.0
Dodging        | |  1.7
Stealth        | |  3.8
Spellcasting   | |  2.1
Hexes          | |  3.7
Ice Magic      | |  0.4

Action                   |  1- 3 |  4- 6 || total
-------------------------+-------+-------++-------
Melee: Dagger            |   130 |    48 ||   178
Throw: Javelin           |     5 |       ||     5
 Cast: Corona            |     6 |       ||     6
       Ensorcelled Hiber |       |     2 ||     2
  Use: Scroll            |     5 |       ||     5
 Stab: Sleeping          |     9 |     4 ||    13
  Eat: Chunk             |     4 |     1 ||     5
Armor: Robe              |    31 |     1 ||    32
Dodge: Dodged            |    86 |     7 ||    93
